 Dungeon Crawl Stone Soup version 0.27-a0-1196-g3e9cee4cb2 (webtiles) character file.

Game seed: 17991431721870754302

486 streetpizza the Ruffian (level 6, -1/62 HPs)
             Began as a Troll Hunter on May 29, 2021.
             Slain by a two-headed ogre
             ... wielding a +0 giant spiked club
              (20 damage)
             ... on level 4 of the Dungeon.
             The game lasted 00:13:57 (3382 turns).

streetpizza the Ruffian (Troll Hunter)              Turns: 3382, Time: 00:13:58

Health: -1/62      AC:  8    Str: 27    XL:     6   Next: 89%
Magic:  5/5        EV: 11    Int:  7    God:
Gold:   105        SH:  0    Dex: 18    Spells: 5/5 levels left

rFire    . . .     SeeInvis .     - Unarmed
rCold    . . .     Faith    .   (no shield)
rNeg     . . .     Spirit   .   b - +0 robe
rPois    .         Reflect  .   k - +1 hat
rElec    .         Harm     .   o - +2 cloak {Stlth+}
rCorr    .         Rampage  .   (gloves unavailable)
Will     .....                  (boots unavailable)
Stlth    +++.......             (no amulet)
HPRegen  1.20/turn              i - +6 ring of strength
MPRegen  0.09/turn              l - +6 ring of dexterity

@: no status effects
A: large, unfitting armour, claws 3, regeneration 1, shaggy fur 1, tough skin 1
a: no special abilities


You were on level 4 of the Dungeon.
You visited 1 branch of the dungeon, and saw 4 of its levels.

You collected 105 gold pieces.

Inventory:

Hand Weapons
 a - a +0 short sword
 n - a +2 quarterstaff of chaos
Missiles
 c - 5 large rocks
 d - 2 throwing nets
 j - 296 stones
 w - 6 poisoned darts (quivered)
Armour
 b - a +0 robe (worn)
 k - a +1 hat (worn)
 o - a +2 cloak of stealth (worn)
Jewellery
 f - a ring of ice
 i - a +6 ring of strength (left claw)
 l - a +6 ring of dexterity (right claw)
 q - an amulet of regeneration
Wands
 r - a wand of iceblast (11)
Scrolls
 g - 3 scrolls of teleportation {unknown}
 h - 3 scrolls of identify {unknown}
 p - a scroll of vulnerability {unknown}
 s - 2 scrolls of fog {unknown}
 t - a scroll of acquirement {unknown}
 u - a scroll of enchant weapon {unknown}
 v - a scroll of amnesia {unknown}
Potions
 e - 2 potions of attraction {unknown}
 m - 2 potions of curing
 x - a potion of invisibility {unknown}


   Skills:
 + Level 3.7 Fighting
 - Level 3.6 Throwing
 + Level 3.7 Dodging
 - Level 0.3 Stealth
 + Level 3.9 Unarmed Combat


You had 5 spell levels left.
You didn't know any spells.
Your spell library contained the following spells:

 Spells                   Type           Power      Damage    Failure   Level
 Animate Skeleton         Necr           0%         N/A       43%         1
 Apportation              Tloc           0%         N/A       43%         1
 Corona                   Hex            0%         N/A       43%         1
 Summon Small Mammal      Summ           0%         N/A       43%         1


Dungeon Overview and Level Annotations

Branches:
Dungeon (4/15)
 Temple: D:4-7

Altars:

Shops:
D:3 (*[


Innate Abilities, Weirdness & Mutations

You are too large for most types of armour.
You have claws for hands.
Your natural rate of healing is unusually fast.
You are covered in fur. (AC +1)
You have tough skin. (AC +1)


Message History

You claw the jackal!
You kill the jackal!
Throw: 9 darts (poison)
Press: ? - help, Q - select action, (/) - cycle Shift-Dir - straight line, f - two-headed ogre
Aim: a two-headed ogre, wielding a +0 giant spiked club and a +0 giant club (77% to hit)
You throw a poisoned dart.
The poisoned dart completely misses the two-headed ogre.
Throw: 8 darts (poison)
Press: ? - help, Q - select action, (/) - cycle Shift-Dir - straight line, f/p - two-headed ogre
Aim: a two-headed ogre, wielding a +0 giant spiked club and a +0 giant club (77% to hit)
You throw a poisoned dart.
The poisoned dart hits the two-headed ogre.
The two-headed ogre is poisoned.
Throw: 7 darts (poison)
Press: ? - help, Q - select action, (/) - cycle Shift-Dir - straight line, f/p - two-headed ogre
Aim: a two-headed ogre, wielding a +0 giant spiked club and a +0 giant club (poisoned, 77% to hit)
You throw a poisoned dart.
The poisoned dart hits the two-headed ogre!
The two-headed ogre looks even sicker.
You scratch the two-headed ogre.
The two-headed ogre is lightly wounded.
The two-headed ogre misses you.
The two-headed ogre completely misses you.
You claw the two-headed ogre!
The two-headed ogre is lightly wounded.
You claw the two-headed ogre!
The two-headed ogre is heavily wounded.
The two-headed ogre hits you with a +0 giant spiked club!!
The two-headed ogre hits you with a +0 giant club!
You claw the two-headed ogre!
The two-headed ogre is heavily wounded.
The two-headed ogre hits you with a +0 giant spiked club!
* * * LOW HITPOINT WARNING * * *
The two-headed ogre closely misses you.
You claw the two-headed ogre!
The two-headed ogre is almost dead.
You barely miss the two-headed ogre.
The two-headed ogre is almost dead.
The two-headed ogre hits you with a +0 giant spiked club!!
You die...

.................##'##...........
.........≈≈......#...#...........
..(......≈.......#...#...........
.................'...#...........
.).≈......#......#...#...........
..≈≈≈.....#......#...#...........
).....#...#......#...#...........
......#...#......#...#...........
......###.#.....@###+#...........
.###### ####'#...O......#########
.# #.†..#.........(# .#
#....#..........# .#
#....#..........#
.#############..........#.
........................'... ####
........................######...
#.............###'#..........#...


You could see a two-headed ogre (very poisoned).

Vanquished Creatures
  Blork the orc (D:4)
  2 orc priests (D:2)
  Crazy Yiuf (D:2)
  An orc wizard (D:3)
  Ijyb (D:3)
  Natasha (thrice) (D:1)
  Robin (D:2)
  3 gnolls (D:3)
  5 adders
  2 adder skeletons (D:4)
  2 dart slugs
  8 orcs
  3 ball pythons
  7 bats
  5 endoplasms
  A giant cockroach (D:1)
  27 goblins
  10 hobgoblins
  13 jackals
  A quokka (D:2)
  7 kobolds
  6 rats
110 creatures vanquished.

Notes
Turn   | Place    | Note
-------+----------+-------------------------------------------
     0 | D:1      | streetpizza the Troll Hunter began the quest for the Orb.
     0 | D:1      | Reached XP level 1. HP: 19/19 MP: 0/0
     8 | D:1      | Noticed a minotaur skeleton
     9 | D:1      | Noticed a minotaur skeleton
    19 | D:1      | Noticed a minotaur skeleton
   175 | D:1      | Reached XP level 2. HP: 28/28 MP: 1/1
   266 | D:1      | Reached skill level 1 in Unarmed Combat
   785 | D:2      | Noticed Natasha
   786 | D:2      | Reached XP level 3. HP: 35/35 MP: 2/2
   817 | D:2      | Noticed Robin
   848 | D:1      | Killed Natasha
  1114 | D:1      | Noticed Natasha
  1118 | D:1      | Killed Natasha
  1119 | D:1      | Reached XP level 4. HP: 41/44 MP: 3/3
  1131 | D:1      | Noticed Natasha
  1139 | D:1      | Killed Natasha
  1241 | D:2      | Killed Robin
  1306 | D:2      | Reached XP level 5. HP: 50/50 MP: 4/4
  1579 | D:2      | Found a runed translucent door.
  1580 | D:2      | Noticed Crazy Yiuf
  1587 | D:2      | Killed Crazy Yiuf
  2106 | D:3      | Reached XP level 6. HP: 47/61 MP: 5/5
  2240 | D:3      | Found a faded altar of an unknown god.
  2372 | D:3      | Found Dorghobb's Armour Boutique.
  2412 | D:3      | Found Nairyph's Antique Weapon Shop.
  2636 | D:3      | Found Gaaniog's Assorted Antiques.
  2807 | D:3      | Noticed Ijyb
  2815 | D:3      | Killed Ijyb
  2913 | D:4      | Noticed a two-headed ogre
  3043 | D:4      | Noticed Blork the orc
  3052 | D:4      | Killed Blork the orc
  3382 | D:4      | Slain by a two-headed ogre

Illustrated notes

Levels and vault maps discovered:
D:1:      shiori_arrival_whats_in_store_for_you, layout_basic,
          minmay_pentomino_w2
D:2:      cheibrodos_pilgrimage, layout_basic, kennysheep_generic_room_12,
          uniq_crazy_yiuf_cottage, uniq_robin, uniq_natasha
D:3:      kennysheep_goblin_castle, layout_loops_cross,
          shapermc_ecumenical_altar_mp_ritualfount, serial_shops, shop, shop,
          shop, uniq_ijyb
D:4:      layout_gridville, kennysheep_decorative_pillar, uniq_blork_the_orc

Skill      XL: |  1  2  3  4  5 |
---------------+----------------+-----
Unarmed Combat | 1 2 3 |  3.9
Fighting       | 2 3 |  3.7
Dodging        | 2 3 |  3.7
Throwing       | |  3.6
Stealth        | |  0.3

Action                   |  1- 3 |  4- 6 || total
-------------------------+-------+-------++-------
Melee: Short sword       |    29 |       ||    29
       Unarmed           |    59 |   186 ||   245
       Punch             |     1 |     1 ||     2
       Quarterstaff      |       |     9 ||     9
Throw: Dart              |       |     3 ||     3
 Stab: Sleeping          |     1 |    11 ||    12
Armor: Robe              |    47 |    84 ||   131
Dodge: Dodged            |    74 |   105 ||   179

Table legend: (Time is in decaauts)
 A = Elapsed time spent in this place.
 B = Non-inter-level travel time spent in this place.
 C = Inter-level travel time spent in this place.
 D = Time resting spent in this place.
 E = Time spent auto-exploring this place.
 F = Levels seen in this place.
 G = Mean time per level.
                   A        B        C        D        E       F      G
               +--------+--------+--------+--------+--------+-----+--------+
         Total |   3397 |   3033 |    364 |     35 |   2086 |   4 |  849.2 |
       Dungeon |   3397 |   3033 |    364 |     35 |   2086 |   4 |  849.2 |
               +--------+--------+--------+--------+--------+-----+--------+

Top non-repeatable levels by time:
     D:1: 1231 daAuts
     D:2: 875 daAuts
     D:3: 869 daAuts
     D:4: 421 daAuts
